 Dungeon Crawl Stone Soup version 0.30-a0-840-ga523dec638 (webtiles) character file.

Game seed: 14608622017865923001

4754 dialectric the Basher (level 10, -4/65 HPs)
             Began as a Gargoyle Fighter on Mar 1, 2023.
             Was an Elder of Dithmenos.
             Shot with an arrow by a centaur (8 damage)
             ... on level 9 of the Dungeon.
             The game lasted 00:12:09 (7804 turns).

dialectric the Basher (Gargoyle Fighter)            Turns: 7804, Time: 00:12:09

Health: -4/65      AC: 25    Str: 30    XL:     10   Next: 46%
Magic:  10/10      EV: 11    Int: 11    God:    Dithmenos [****..]
Gold:   406        SH:  5    Dex: 11    Spells: 5/9 levels left

rFire   x . .      SeeInvis .    z - +11 quarterstaff "Nevacuxt" {heavy, rF- Will- Str+7 Int+3}
rCold   + . .      Faith    .    (shield currently unavailable)
rNeg    + . .      Spirit   .    n - +3 scale mail {rPois}
rPois   ∞          Reflect  +    (no helmet)
rElec   +          Harm     .    A - scarf {shadows}
rCorr   .          Rampage  .    (no gloves)
Will    .....                    o - +2 pair of boots Stlth
                                 m - amulet of reflection
HPRegen 0.30/turn                u - ring of protection from cold
MPRegen 0.12/turn                C - +4 ring of protection

@: on berserk cooldown, slowed, wreathed by umbra, very slow
A: sickness immunity, AC +7, negative energy resistance 1, electricity
resistance, torment resistance 1, petrification resistance
a: Renounce Religion, Shadow Step


You were on level 9 of the Dungeon.
You worshipped Dithmenos.
Dithmenos was greatly pleased with you.
You visited 1 branch of the dungeon, and saw 9 of its levels.
You also visited: Sewer and Ossuary.

You collected 673 gold pieces.
You spent 267 gold pieces at shops.

Inventory:

Hand Weapons
 a - a +0 flail
 p - a +0 battleaxe
 q - a +1 great mace
 z - the +11 quarterstaff "Nevacuxt" (weapon) {heavy, rF- Will- Str+7 Int+3}
   (You bought it in a shop on level 7 of the Dungeon)

   Str:       It affects your strength (+7).
   Int:       It affects your intelligence (+3).
   rF:        It makes you vulnerable to fire.
   Will:      It decreases your willpower.
Missiles
 d - 2 throwing nets
 j - 26 poisoned darts (quivered)
Armour
 e - a +0 buckler
 l - a +0 chain mail
 n - a +3 scale mail of poison resistance (worn)
 o - a +2 pair of boots (worn)
 A - a scarf of shadows (worn)
Jewellery
 b - a ring of wizardry
 m - an amulet of reflection (around neck)
 u - a ring of protection from cold (left hand)
 C - a +4 ring of protection (right hand)
 M - a ring of positive energy
Wands
 y - a wand of mindburst (18)
 G - a wand of digging (7)
 H - a wand of paralysis (5)
 K - a wand of iceblast (4)
Scrolls
 c - a scroll of enchant weapon
 g - 6 scrolls of teleportation
 s - a scroll of fear
 t - 5 scrolls of identify
 D - a scroll of blinking
Potions
 f - 6 potions of ambrosia
 h - a potion of haste {unknown}
 i - 2 potions of lignification
 k - 2 potions of heal wounds
 r - a potion of berserk rage
 v - 8 potions of curing
 w - 3 potions of invisibility
 x - 2 potions of might
 B - a potion of cancellation {unknown}
 E - 2 potions of degeneration {unknown}
 F - 2 potions of brilliance {unknown}
 I - a potion of resistance {unknown}
 J - 3 potions of attraction {unknown}
 L - a potion of flight


   Skills:
 * Level 8.6 Fighting
 - Level 2.6(6.2) Axes
 + Level 9.8(10.5) Maces & Flails
 * Level 5.1(8.1) Staves
 + Level 7.3 Armour
 * Level 2.2 Dodging
 - Level 3.3 Shields


You had 5 spell levels left.
You knew the following spells:

 Your Spells              Type           Power      Damage    Failure   Level
a - Animate Dead          Necr           0%         N/A       100%        4

Your spell library contained the following spells:

 Spells                   Type           Power      Damage    Failure   Level
 Blink                    Tloc           0%         N/A       71%         2
 Lesser Beckoning         Tloc           0%         N/A       71%         2
 Momentum Strike          Conj/Tloc      0%         3d8       71%         2
 Ignite Poison            Fire/Tmut/Pois 0%         N/A       90%         3
 Kindle Blastsparks       Fire/Tloc/Air  0%         2d10      90%         3
 Portal Projectile        Hex/Tloc       0%         N/A       90%         3
 Tukima's Dance           Hex            0%         N/A       90%         3
 Blade Hands              Tmut           0%         N/A       100%        5
 Borgnjor's Vile Clutch   Necr/Erth      0%         N/A       100%        5
 Freezing Cloud           Conj/Ice/Air   0%         6-21      100%        5
 Death Channel            Necr           0%         N/A       100%        6


Dungeon Overview and Level Annotations

Branches:
Dungeon (9/15)             Temple (0/1) D:7           Sewer (visited)
Ossuary (visited)
   Lair: D:8-11         Orc: D:9-12

Altars:
Cheibriados
Dithmenos
Elyvilon
Hepliaklqana
Kikubaaqudgha
Nemelex Xobeh
Qazlal
Ru
Xom
Yredelemnul
Zin
The Shining One

Shops:
D:6 *   D:7 (=

Annotations:
D:5 Pikel


Innate Abilities, Weirdness & Mutations

You are immune to sickness and miasma.
Your stone body is resilient. (AC +7)
You are immune to poison.
You resist negative energy. (rN+)
You are resistant to electric shocks. (rElec)
You are resistant to unholy torment.
You are immune to petrification.


Message History

A basilisk comes into view.
The howler monkey hoots and howls with incredible vigour!
You closely miss the deep elf pyromancer.
The centaur shoots an arrow.
The arrow misses you.
The howler monkey hits you but does no damage.
The deep elf pyromancer hits you but does no damage.
The centaur shoots an arrow.
The arrow hits you but does no damage. The howler monkey barely misses you.
The deep elf pyromancer casts a spell at you.
The sticky flame hits you. The fire burns you terribly!
You are covered in liquid flames!
You barely miss the deep elf pyromancer.
You are covered in liquid flames!
* * * LOW HITPOINT WARNING * * *
The centaur shoots an arrow.
The arrow hits you but does no damage. The howler monkey barely misses you.
The centaur shoots an arrow.
The arrow barely misses you.
The deep elf pyromancer casts a spell at you.
The sticky flame misses you. The howler monkey barely misses you.
The centaur shoots an arrow.
The arrow hits you but does no damage.
The deep elf pyromancer hits you but does no damage.
The howler monkey hits you but does no damage.
You bludgeon the deep elf pyromancer!!
The deep elf pyromancer is severely wounded.
The centaur shoots an arrow.
The arrow hits you.
* * * LOW HITPOINT WARNING * * *
A howler monkey comes into view.
The centaur shoots an arrow.
The arrow hits you but does no damage.
The deep elf pyromancer closely misses you.
The howler monkey hits you but does no damage.
The centaur shoots an arrow.
The arrow hits you but does no damage. The basilisk barely misses you.
The deep elf pyromancer hits you but does no damage.
The howler monkey closely misses you.
You bludgeon the deep elf pyromancer!!
You kill the deep elf pyromancer!
Dithmenos accepts your kill.
The centaur shoots an arrow.
The arrow barely misses you. The howler monkey misses you.
The centaur shoots an arrow.
The arrow hits you!
You die...

.. #.# #. #.#
...#.#..###. #.#
#...#...... ######.#
......... ... ........
#...#..# #.# ######.#
.. #?#...# #.# # #.#
#...#l...# #.#.# #.#
.....)@..# #.#.# #.#
..#...#h)###.#.######..
..h#c#...†............#
#..T#....###....#.....#
...c....# #..[.#......
..#...#..# #....#.#.#..
...#!#...# #....#......
.#....# #.#..#...#..
....####.#.........


You could see a troll, a basilisk, a centaur and 2 howler monkeys.

Vanquished Creatures
  A deep elf pyromancer (D:9)
  Grinder (D:3)
  A troll (D:9)
  A hornet (D:7)
  A wyvern (D:9)
  A yak (D:9)
  2 water moccasins
  2 ice beasts
  3 orc warriors
  3 ogres
  A centaur (D:9)
  2 elf zombies (Ossuary)
  2 lemures
  3 kobold brigands
  6 bullfrogs
  2 scorpions
  3 gnoll sergeants
  A necrophage (D:4)
  5 wights
  8 killer bees (D:8)
  4 howler monkeys
  An electric eel (D:7)
  4 hounds
  A human zombie (Ossuary)
  2 orc priests
  Jessica (D:3)
  A gnoll bouda (D:5)
  Ijyb (D:4)
  2 iguanas (D:4)
  4 orc wizards
  A hound zombie (Ossuary)
  4 mummies (Ossuary)
  10 adders
  20 gnolls
  A river rat (D:6)
  5 ufetubi
  3 adder zombies (Ossuary)
  2 worms
  A dart slug (D:2)
  27 orcs
  9 ball pythons
  7 endoplasms
  5 giant cockroaches
  5 goblins
  10 hobgoblins
  10 jackals
  14 kobolds
  5 quokkas
  8 bats
  5 frilled lizards
  A jackal zombie (Ossuary)
  A kobold zombie (Ossuary)
  3 orc zombies (Ossuary)
  5 rats
232 creatures vanquished.

Vanquished Creatures (others)
  A human (D:7)
  An orc wizard (D:8)
  An orc (D:8)
3 creatures vanquished.

Grand Total: 235 creatures vanquished

Notes
Turn   | Place    | Note
-------+----------+-------------------------------------------
     0 | D:1      | dialectric the Gargoyle Fighter began the quest for the
                  | Orb.
     0 | D:1      | Reached XP level 1. HP: 14/14 MP: 1/1
    96 | D:1      | Reached XP level 2. HP: 19/19 MP: 2/2
   672 | D:1      | Reached XP level 3. HP: 24/24 MP: 3/3
   804 | D:2      | Found a faded altar of an unknown god.
   830 | D:2      | Prayed at the altar of an unknown god.
   830 | D:2      | Became a worshipper of Dithmenos the Shadowed
   830 | D:2      | Reached * piety under Dithmenos
  1123 | D:2      | Reached skill level 1 in Dodging
  1545 | D:2      | Reached XP level 4. HP: 29/29 MP: 4/4
  1816 | D:3      | Noticed Grinder
  1948 | D:3      | Reached skill level 1 in Axes
  1948 | D:3      | Reached skill level 3 in Maces & Flails
  1971 | D:3      | Killed Grinder
  1972 | D:3      | Reached skill level 4 in Maces & Flails
  1972 | D:3      | Reached XP level 5. HP: 19/34 MP: 5/5
  1972 | D:3      | Reached XP level 6. HP: 22/39 MP: 6/6
  2106 | D:3      | Noticed Jessica
  2118 | D:3      | Killed Jessica
  2431 | D:3      | Found a basalt altar of Yredelemnul.
  2991 | D:4      | Reached ** piety under Dithmenos
  3092 | D:4      | Reached skill level 5 in Maces & Flails
  3092 | D:4      | Reached XP level 7. HP: 38/44 MP: 7/7
  3282 | D:4      | Reached skill level 5 in Fighting
  3370 | D:4      | Learned a level 4 spell: Animate Dead
  3755 | D:4      | Noticed Ijyb
  3763 | D:4      | Killed Ijyb
  3918 | D:4      | Found a sparkling altar of Nemelex Xobeh.
  4044 | D:5      | Entered Level 5 of the Dungeon
  4076 | D:5      | Reached skill level 6 in Maces & Flails
  4122 | D:5      | Reached XP level 8. HP: 50/51 MP: 8/8
  4206 | D:5      | Found a snail-covered altar of Cheibriados.
  4269 | D:5      | Found a sand-covered staircase.
  4372 | Ossuary  | Entered an ossuary
  4405 | Ossuary  | Reached skill level 7 in Maces & Flails
  4408 | Ossuary  | Reached skill level 5 in Armour
  4599 | D:5      | Reached *** piety under Dithmenos
  4676 | D:5      | Noticed Pikel
  5045 | D:6      | Reached skill level 8 in Maces & Flails
  5045 | D:6      | Reached XP level 9. HP: 57/57 MP: 9/9
  5077 | D:6      | Found a glowing drain.
  5094 | Sewer    | Entered a sewer
  5422 | D:6      | Found Etsoamal's General Store.
  5440 | D:6      | Bought a scroll of teleportation for 39 gold pieces
  5440 | D:6      | Bought a potion of curing for 39 gold pieces
  5470 | D:6      | Found a hazy altar of Hepliaklqana.
  5471 | D:6      | Found a shimmering altar of Xom.
  5472 | D:6      | Noticed a spectral ugly thing
  5935 | D:7      | Reached **** piety under Dithmenos
  5936 | D:7      | Reached skill level 9 in Maces & Flails
  6096 | D:7      | Found a staircase to the Ecumenical Temple.
  6127 | D:7      | Noticed a hornet
  6141 | D:7      | Killed a hornet
  6260 | D:7      | Found the +8 trident of the Octopus King {venom, rElec
                  | rPois}
  6440 | D:7      | Found Zonweproofu's Antique Weapon Shoppe.
  6441 | D:7      | Found Ypush's Jewellery Shop.
  6471 | D:7      | Bought a transparent quarterstaff for 189 gold pieces
  6471 | D:7      | Identified the +11 quarterstaff "Nevacuxt" {heavy, rF-
                  | Will- Str+7 Int+3} (You bought it in a shop on level 7 of
                  | the Dungeon)
  6600 | D:7      | Found an ancient bone altar of Kikubaaqudgha.
  6787 | D:8      | Reached skill level 1 in Staves
  6928 | D:8      | Reached XP level 10. HP: 64/64 MP: 10/10
  7043 | D:8      | Found a stormy altar of Qazlal.
  7150 | D:8      | Found a sacrificial altar of Ru.
  7370 | D:8      | Found a glowing golden altar of the Shining One.
  7370 | D:8      | Found a glowing silver altar of Zin.
  7371 | D:8      | Found a white marble altar of Elyvilon.
  7795 | D:9      | Reached skill level 5 in Staves
  7795 | D:9      | Noticed a deep elf pyromancer
  7802 | D:9      | HP: 3/65 [burnt (24)]
  7804 | D:9      | Killed a deep elf pyromancer
  7804 | D:9      | Shot with an arrow by a centaur

Illustrated notes

Levels and vault maps discovered:
D:1:      dpeg_arrival_connections, layout_loops_ring
D:2:      layout_basic, hellmonk_ecumenical_altar_arch_garden
D:3:      layout_loops_ring, mainiacjoe_overflow_alcove_4,
          minmay_misc_feat_four_crosses, minmay_distorted, uniq_jessica,
          uniq_grinder
D:4:      nicolae_cairo_tiling_very_big, layout_layer_cave,
          mainiacjoe_overflow_concentric_impassable, uniq_ijyb
D:5:      nicolae_cairo_tiling_large_dashed, layout_layer_cave,
          mainiacjoe_overflow_brackets, serial_shops, nicolae_shop_crystal,
          nicolae_ossuary_entry_monument, uniq_eustachio, uniq_pikel
D:6:      layout_cave_pools, regret_index_temple_of_mockery,
          cheibrodos_sewer_entry_sluice, serial_shops,
          nicolae_shop_window_shopping, kennysheep_generic_room_8
D:7:      layout_gridville, tgw_kikubaaqudgha, minmay_temple_entry_sparse_star,
          nicolae_wooded_promenade
D:8:      layout_cave_pools, good_gods_temple_1, kennysheep_mini,
          nicolae_ru_awakened_eye
D:9:      cheibrodos_fzero, layout_loops_ring, kennysheep_minor_cross,
          hangedman_decor_lopped, bh_walls_and_bars

Skill      XL: |  1  2  3  4  5  6  7  8  9 10 |
---------------+-------------------------------+-----
Dodging        | 1 2 |  2.2
Fighting       | 4 5 7 8 |  8.6
Armour         | 4 5 7 |  7.3
Axes           | 2 |  2.6
Maces & Flails | 4 5 6 8 9 |  9.8
Staves         | 1 5 |  5.1
Shields        | |  3.3

Action                     |  1- 3 |  4- 6 |  7- 9 | 10-12 || total
---------------------------+-------+-------+-------+-------++-------
  Melee: Flail             |   111 |       |       |       ||   111
         Battleaxe         |    36 |    23 |       |       ||    59
         Punch             |     1 |       |       |       ||     1
         Great mace        |       |   118 |   377 |       ||   495
         Quarterstaff      |       |       |    31 |    74 ||   105
  Evoke: Wand              |       |       |       |     2 ||     2
    Use: Scroll            |       |     2 |    10 |     1 ||    13
         Potion            |       |     1 |     2 |     2 ||     5
 Armour: Scale mail        |    95 |   110 |   379 |    94 ||   678
         Skin              |       |       |   142 |       ||   142
  Dodge: Dodged            |   114 |   127 |   380 |    93 ||   714
  Block: Other             |       |       |   186 |    43 ||   229
         Reflection        |       |       |     5 |     1 ||     6

Table legend: (Time is in decaauts)
 A = Elapsed time spent in this place.
 B = Non-inter-level travel time spent in this place.
 C = Inter-level travel time spent in this place.
 D = Time resting spent in this place.
 E = Time spent auto-exploring this place.
 F = Levels seen in this place.
 G = Mean time per level.
                   A        B        C        D        E       F      G
               +--------+--------+--------+--------+--------+-----+--------+
         Total |   8110 |   7869 |    241 |    432 |   5148 |  11 |  737.3 |
       Dungeon |   7710 |   7469 |    241 |    432 |   4956 |   9 |  856.7 |
         Sewer |    159 |    159 |      0 |      0 |     80 |   1 |  159.0 |
       Ossuary |    239 |    239 |      0 |      0 |    112 |   1 |  239.0 |
               +--------+--------+--------+--------+--------+-----+--------+

Top non-repeatable levels by time:
     D:4: 1210 daAuts
     D:2: 1135 daAuts
     D:7: 1057 daAuts
     D:3: 1038 daAuts
     D:6: 930 daAuts
     D:1: 811 daAuts
     D:8: 725 daAuts
     D:5: 469 daAuts
     D:9: 333 daAuts
 Ossuary: 239 daAuts
   Sewer: 159 daAuts
